 Dungeon Sprint DCSS version 0.29-a0-284-gf9362112df (webtiles) character file.

Game seed: 17211152430189858762

187749 mhtbhm the Axe Maniac (level 17, 0/286 HPs)
             Began as a Minotaur Berserker on Mar 20, 2022.
             Was the Champion of Trog.
             Killed by the air
             ... invoked by a titan
              (16 damage)
             ... in the Dungeon (Sprint VII: "The Pits").
             The game lasted 00:25:56 (8795 turns).

mhtbhm the Axe Maniac (Minotaur Berserker)          Turns: 8795, Time: 00:25:57

Health: 0/286      AC: 54    Str: 28    XL:     17   Next: 45%
Magic:  1/16       EV: 18    Int:  7    God:    Trog [******]
Gold:   18         SH:  5    Dex: 14    Spells: 16/16 levels left

rFire   + + +      SeeInvis .   a - +8 executioner's axe of Qerri {flame, rCorr}
rCold   + + .      Faith    .   (shield currently unavailable)
rNeg    + . .      Spirit   .   b - +11 gold dragon scales "Tilaqod" {rElec rPois rF+ rC+ Dex+2}
rPois   +          Reflect  +   T - +2 hat
rElec   +          Harm     .   G - +4 cloak
rCorr   +          Rampage  +   D - +2 pair of gloves {infuse}
Will    +....      NoTele   +   H - +2 pair of boots {rampage}
Stlth   ..........              F - amulet of Megalomania {Reflect Int+3 SH+5}
HPRegen 0.57/turn               X - ring "Boenap" {rElec rPois rF++}
MPRegen 0.15/turn               O - ring "Yrapirch" {rC+ rN+}

@: mighty, berserking, hasted, wreathed by umbra, studying Long Blades, very
quick
A: horns 2, retaliatory headbutt
}: 1/3 runes: iron
a: Renounce Religion, Berserk, Trog's Hand, Brothers in Arms


You were in the Dungeon.
You worshipped Trog.
Trog was exalted by your worship.
You visited 1 branch You collected 18 gold pieces.

Inventory:

Hand Weapons
 a - the +8 executioner's axe of Qerri (weapon) {flame, rCorr}
   (Trog gifted it to you in the Dungeon)

   It burns those it strikes, dealing additional fire damage.
   Big, fiery blades are also staple armaments of hydra-hunters.
   rCorr:     It protects you from acid and corrosion.
 K - the +4 battleaxe of the Final Teeth {vorpal, rF++ Dex+7}
   (Trog gifted it to you in the Dungeon)

   It inflicts extra damage upon your enemies.
   Dex:       It affects your dexterity (+7).
   rF:        It greatly protects you from fire.
 L - the +8 frozen axe "Frostbite" {freezing cloud, *Noise Fly rC+}
   (Trog gifted it to you in the Dungeon)

   It freezes those it strikes, dealing additional cold damage.
   It can also slow down cold-blooded creatures.
   It occasionally leaves clouds of freezing vapour upon striking a foe.
   It grants immunity to clouds of freezing vapour.
   rC:        It protects you from cold.
   Fly:       It grants you flight.
   *Noise:    It may make noises in combat.
Missiles
 o - a throwing net (quivered)
 B - 6 poisoned darts
 C - a curare-tipped dart
Armour
 b - the +11 gold dragon scales "Tilaqod" (worn) {rElec rPois rF+ rC+ Dex+2}
   (You found it in the Dungeon)

   Dex:       It affects your dexterity (+2).
   rF:        It protects you from fire.
   rC:        It protects you from cold.
   rElec:     It insulates you from electricity.
   rPois:     It protects you from poison.
 D - a +2 pair of gloves of infusion (worn)
 E - the +4 moon troll leather armour {Spirit, Regen++ MP+5}
   (You found it in the Dungeon)

   MP:        It affects your magic capacity (+5).
   Regen:     It increases your rate of health regeneration.
 G - a +4 cloak (worn)
 H - a +2 pair of boots of rampaging (worn)
 T - a +2 hat (worn)
Jewellery
 t - the ring "Guecyec" {Contam rF+ Will+ Int+3 Dex+3}
   (You found it in the Dungeon)

   [ring of protection from fire]

   Int:       It affects your intelligence (+3).
   Dex:       It affects your dexterity (+3).
   rF:        It protects you from fire.
   Contam:    It causes magical contamination when unequipped.
   Will:      It increases your willpower.
 F - the amulet of Megalomania (around neck) {Reflect Int+3 SH+5}
   (You found it in the Dungeon)

   [amulet of reflection]

   It reflects blocked missile attacks.
   Int:       It affects your intelligence (+3).
   SH:        It affects your SH (+5).
 O - the ring "Yrapirch" (right hand) {rC+ rN+}
   (You found it in the Dungeon)

   [ring of protection from cold]

   rC:        It protects you from cold.
   rN:        It protects you from negative energy.
 Q - the ring "Qaleudd" {Will+ Str+4 Int+4}
   (You found it in the Dungeon)

   [ring of willpower]

   Str:       It affects your strength (+4).
   Int:       It affects your intelligence (+4).
   Will:      It increases your willpower.
 R - the amulet of Doecs {Acrobat +Blink rN+ Regen+ MP-9}
   (You found it in the Dungeon)

   [amulet of the acrobat]

   It increases your evasion while moving and waiting.
   rN:        It protects you from negative energy.
   MP:        It affects your magic capacity (-9).
   +Blink:    It lets you blink.
   Regen:     It increases your rate of health regeneration.
 U - the ring "Awitoig" {AC+6 Int+6}
   (You found it in the Dungeon)

   [ring of protection]

   AC:        It affects your AC (+6).
   Int:       It affects your intelligence (+6).
 X - the ring "Boenap" (left hand) {rElec rPois rF++}
   (You found it in the Dungeon)

   [ring of poison resistance]

   rF:        It greatly protects you from fire.
   rElec:     It insulates you from electricity.
   rPois:     It protects you from poison.
 Y - the amulet of Attitude {Faith rC+ Str+5}
   (You found it in the Dungeon)

   [amulet of faith]

   It allows you to gain divine favour quickly.
   Str:       It affects your strength (+5).
   rC:        It protects you from cold.
Wands
 k - a wand of acid (8)
 w - a wand of paralysis (13)
Scrolls
 h - a scroll of blinking
 j - a scroll of summoning
 p - 2 scrolls of fog
 r - 2 scrolls of enchant weapon
 s - a scroll of fear
 y - 2 scrolls of immolation
 z - 2 scrolls of identify
Potions
 c - 7 potions of curing
 d - 7 potions of heal wounds
 e - 5 potions of haste
 f - 9 potions of magic
 g - 4 potions of berserk rage
 i - a potion of invisibility
 l - a potion of resistance
 m - a potion of flight {unknown}
 n - 4 potions of mutation
 q - 3 potions of might
 A - a potion of attraction
Miscellaneous
 x - a box of beasts
 I - a lightning rod (4/4)
 J - a phial of floods


   Skills:
 O Level 27 Fighting
 O Level 27 Axes
 O Level 27 Armour
 O Level 27 Dodging
 O Level 27 Stealth
 + Level 16.3 Shields
 + Level 11.8 Evocations


You had 16 spell levels left.
You didn't know any spells.
Your spell library was empty.

Dungeon Overview and Level Annotations

Branches:
Dungeon (1/1)

Altars:
Cheibriados
Dithmenos
Elyvilon
Fedhas
Gozag
Hepliaklqana
Makhleb
Nemelex Xobeh
Okawaru
Qazlal
Ru
Sif Muna
Trog
Vehumet
Wu Jian
Xom
Yredelemnul
Zin
The Shining One
Beogh
Jiyva
Lugonu


Innate Abilities, Weirdness & Mutations

You have a pair of horns on your head.
You reflexively headbutt those who attack you in melee.


Message History

The nagaraja mumbles some strange words.
The nagaraja seems to speed up.
A red ugly thing comes into view.
The balrug hits you but does no damage.
Your Shields skill increases to level 16!
Mennas blocks your attack.
Your headbutt misses Mennas.
Mennas is severely wounded.
You slice the balrug like a ripe choko!!!
Mennas hits you with a +4 eudemon blade of holy wrath!
* * * LOW HITPOINT WARNING * * *
Mennas hits you but does no damage.
Unknown command.
Mennas blocks your attack.
Your headbutt misses Mennas.
Mennas is severely wounded.
You completely miss the balrug. You slash the sun demon!
You completely miss the profane servitor.
The balrug closely misses you. The sun demon hits you!
* * * LOW HITPOINT WARNING * * *
You are engulfed in flames.
You resist.
* * * LOW HITPOINT WARNING * * *
Mennas hits you but does no damage. Mennas closely misses you.
The profane servitor hits you with a +3 whip of distortion!
* * * LOW HITPOINT WARNING * * *
The profane servitor draws strength from your injuries!
The profane servitor hits you but does no damage.
Space warps around you.
* * * LOW HITPOINT WARNING * * *
You chop Mennas into pieces!!! You burn Mennas!!
As Mennas dies, the sound returns.
You kill Mennas!
Trog appreciates your killing of a magic user.
Trog accepts your kill.
You slice the balrug!!
You kill the balrug!
Trog accepts your kill.
You miss the sun demon. You slice the profane servitor!!
You burn the profane servitor!
The titan waves its arms in wide circles.
The air twists around and strikes you!
You die...

## ## ## ## ## ####)##
################ #)#
#.....#.....#..# . #)#
#.....#.....#..# N. #)#
#..#++#''#''#''######C# #.#
#.)))...............M... #'#
#.)).............3...... #)#
####.)#..#..#..#3A#..#.. #'#
#..').))))......@)eE.... #.#
#.)))..)().......)..u... #'#
#..#''#''#''#''######'## #.#
'.....#.....#..# #'#
'.....#.....#..# #.#
################ #'#
##############################'#
...............................#
..................)............#


You could see a royal mummy (empowered), a profane servitor, a titan
(empowered), a nagaraja (fast, empowered), a deep elf master archer, a red ugly
thing, 2 sun demons and an air elemental.

Vanquished Creatures
  Asmodeus (D)
  the Royal Jelly (D)
  An ancient lich (D)
  Mennas (D)
  4 royal mummies (D)
  Boris (D)
  Frederick (D)
  2 Killer Klowns (D)
  4 curse toes (D)
  A pearl dragon (D)
  A hellephant (D)
  4 pandemonium lords (D)
  A Brimstone Fiend (D)
  A Tzitzimitl (D)
  5 electric golems (D)
  2 tentacled monstrosities (D)
  2 liches (D)
  3 deep elf blademasters (D)
  3 Ice Fiends (D)
  6 titans (D)
  2 acid blobs (D)
  3 deep elf master archers (D)
  A death cob (D)
  2 sphinxes (D)
  3 shadow dragons (D)
  A storm dragon (D)
  4 azure jellies (D)
  2 fire giants (D)
  4 rockslimes (D)
  A frost giant (D)
  2 balrugs (D)
  A deep elf sorcerer (D)
  An iron dragon (D)
  2 ghost moths (D)
  A cacodemon (D)
  3 draconian scorchers (D)
  2 orc warlords (D)
  A war gargoyle (D)
  A draconian shifter (D)
  A spriggan defender (D)
  2 quicksilver oozes (D)
  A reaper (D)
  An ophan (D)
  A draconian annihilator (D)
  A green draconian (D)
  An apis (D)
  2 vampire knights (D)
  A stone giant (D)
  A deep elf demonologist (D)
  2 red draconians (D)
  2 deep elf annihilators (D)
  A blizzard demon (D)
  An ettin (D)
  A deep elf death mage (D)
  2 green deaths (D)
  A yaktaur captain (D)
  A deep elf high priest (D)
  3 mummy priests (D)
  A vault guard (D)
  2 boulder beetles (D)
  2 ice dragons (D)
  Harold (D)
  3 death knights (D)
  3 naga warriors (D)
  5 two-headed ogres (D)
  A merfolk avatar (D)
  2 anacondas (D)
  An ogre mage (D)
  An iron elemental (D)
  A deep troll earth mage (D)
  A deep troll shaman (D)
  2 vampire magi (D)
  2 death yaks (D)
  2 dancing weapons (D)
  A spriggan berserker (D)
  7 hell knights (D)
  3 deep elf knights (D)
  2 iron trolls (D)
  A shadow wraith (D)
  3 swamp dragons (D)
  2 deep trolls (D)
  A bog body (D)
  2 wizards (D)
  2 phantasmal warriors (D)
  A necromancer (D)
  2 wolf spiders (D)
  9 orc knights (D)
  A deep elf pyromancer (D)
  A cyclops (D)
  2 naga magi (D)
  3 elephants (D)
  An eye of devastation (D)
  2 smoke demons (D)
  A hellion (D)
  An unseen horror (D)
  2 cane toads (D)
  A komodo dragon (D)
  3 kobold demonologists (D)
  A demonic crawler (D)
  2 efreet (D)
  2 tormentors (D)
  A red devil (D)
  A merfolk (D)
  A hornet (D)
  A flying skull (D)
  2 jumping spiders (D)
  A vampire (D)
  2 spriggans (D)
  A water elemental (D)
  2 vampire mosquitoes (D)
  A steam dragon (D)
  2 nagas (D)
  A warg (D)
  A floating eye (D)
  A sky beast (D)
  3 wolves (D)
  3 ogres (D)
  An orc warrior (D)
  2 ice beasts (D)
  3 centaurs (D)
  A phantom (D)
  2 kobold brigands (D)
  A gnoll sergeant (D)
  2 hounds (D)
  3 orc priests (D)
  An iron imp (D)
  2 mummies (D)
  5 gnolls (D)
  4 adders (D)
  A river rat (D)
  A white imp (D)
  An adder zombie (D)
  2 adder skeletons (D)
  An adder simulacrum (D)
  4 orcs (D)
  A bat skeleton (D)
  A bat zombie (D)
  A giant cockroach (D)
  A hobgoblin (D)
  5 kobolds (D)
  A quokka (D)
  A ball python zombie (D)
  2 frilled lizards (D)
  2 fire vortices (D)
273 creatures vanquished.

Vanquished Creatures (collateral kills)
  An ancient lich (D)
  A golden dragon (D)
  A sphinx (D)
  2 nagarajas (D)
  A fire giant (D)
  A balrug (D)
  A black draconian (D)
  A white draconian (D)
  A death knight (D)
  A wizard (D)
  4 harpies (D)
  A naga mage (D)
  An unseen horror (D)
  A demonic crawler (D)
  A red devil (D)
  A chaos spawn (D)
  A naga (D)
  A mummy (D)
22 creatures vanquished.

Vanquished Creatures (others)
  A boulder beetle (D)
  A quasit (D)
  An orc (D)
  A jackal zombie (D)
4 creatures vanquished.

Grand Total: 299 creatures vanquished

Notes
Turn   | Place    | Note
-------+----------+-------------------------------------------
     0 | D        | mhtbhm the Minotaur Berserker began the quest for the Orb.
     0 | D        | Reached XP level 1. HP: 19/19 MP: 0/0
    14 | D        | Reached XP level 2. HP: 28/28 MP: 1/1
   118 | D        | Found a bloodstained altar of Trog.
   118 | D        | Found a shimmering blue altar of Sif Muna.
   118 | D        | Found a viscous altar of Jiyva.
   118 | D        | Found a hazy altar of Hepliaklqana.
   118 | D        | Found an opulent altar of Gozag.
   119 | D        | Found a glowing golden altar of the Shining One.
   119 | D        | Found a glowing silver altar of Zin.
   119 | D        | Found a basalt altar of Yredelemnul.
   119 | D        | Found a shimmering altar of Xom.
   119 | D        | Found an ornate altar of the Wu Jian Council.
   119 | D        | Found a sacrificial altar of Ru.
   119 | D        | Found a stormy altar of Qazlal.
   119 | D        | Found an iron altar of Okawaru.
   119 | D        | Found a sparkling altar of Nemelex Xobeh.
   119 | D        | Found a burning altar of Makhleb.
   119 | D        | Found a blossoming altar of Fedhas.
   119 | D        | Found a white marble altar of Elyvilon.
   119 | D        | Found a shadowy altar of Dithmenos.
   119 | D        | Found a snail-covered altar of Cheibriados.
   121 | D        | Found a radiant altar of Vehumet.
   121 | D        | Found a corrupted altar of Lugonu.
   156 | D        | Noticed a floating eye
   158 | D        | Reached skill level 5 in Axes
   159 | D        | Killed a floating eye
   159 | D        | Reached ** piety under Trog
   160 | D        | Reached XP level 3. HP: 40/40 MP: 2/2
   160 | D        | Reached XP level 4. HP: 48/48 MP: 3/3
   318 | D        | Noticed an ogre
   323 | D        | Killed an ogre
   323 | D        | Reached *** piety under Trog
   324 | D        | Reached skill level 1 in Stealth
   324 | D        | Reached XP level 5. HP: 57/57 MP: 4/4
   328 | D        | Reached skill level 5 in Dodging
   405 | D        | Noticed a sky beast
   405 | D        | Noticed an orc warrior
   406 | D        | Noticed a centaur
   409 | D        | Reached **** piety under Trog
   412 | D        | Killed a centaur
   413 | D        | Reached skill level 10 in Fighting
   413 | D        | Reached skill level 10 in Axes
   413 | D        | Reached skill level 5 in Armour
   413 | D        | Reached XP level 6. HP: 66/66 MP: 5/5
   418 | D        | Killed an orc warrior
   421 | D        | Reached ***** piety under Trog
   423 | D        | Killed a sky beast
   424 | D        | Reached XP level 7. HP: 74/74 MP: 6/6
   502 | D        | Noticed a two-headed ogre
   509 | D        | Killed a two-headed ogre
   510 | D        | Reached XP level 8. HP: 79/85 MP: 7/7
   644 | D        | Received a gift from Trog
   684 | D        | Noticed a komodo dragon
   700 | D        | Killed a komodo dragon
   701 | D        | Reached skill level 15 in Axes
   931 | D        | Noticed an efreet
   934 | D        | Received a gift from Trog
   935 | D        | Killed an efreet
   937 | D        | Reached XP level 9. HP: 95/95 MP: 8/8
   949 | D        | Noticed a red devil
   949 | D        | Noticed Harold
   956 | D        | Killed Harold
   956 | D        | Received a gift from Trog
   957 | D        | Reached skill level 15 in Fighting
   957 | D        | Killed an unseen horror
   958 | D        | Killed a red devil
  1356 | D        | Reached skill level 5 in Stealth
  1367 | D        | Reached ****** piety under Trog
  1368 | D        | Reached skill level 10 in Armour
  1410 | D        | Noticed a bog body
  1413 | D        | Received a gift from Trog
  1416 | D        | Killed a bog body
  1417 | D        | Reached XP level 10. HP: 92/107 MP: 9/9
  1479 | D        | Noticed an elephant
  1481 | D        | Killed an elephant
  1535 | D        | Noticed a cane toad
  1537 | D        | Killed a cane toad
  1544 | D        | Noticed a boulder beetle
  1549 | D        | Killed a boulder beetle
  1584 | D        | Noticed a death knight
  1584 | D        | Noticed a necromancer
  1592 | D        | Killed a death knight
  1592 | D        | Received a gift from Trog
  1593 | D        | Killed a necromancer
  1844 | D        | Noticed a cyclops
  1844 | D        | Noticed a smoke demon
  1850 | D        | Received a gift from Trog
  1853 | D        | Killed a cyclops
  1854 | D        | Reached XP level 11. HP: 118/118 MP: 10/10
  1856 | D        | Killed a shadow wraith
  1856 | D        | Received a gift from Trog
  1856 | D        | Noticed a death yak
  1861 | D        | Killed a death yak
  2111 | D        | Received a gift from Trog
  2394 | D        | Noticed a death yak
  2396 | D        | Noticed a wolf spider
  2402 | D        | Killed a death yak
  2406 | D        | Killed a wolf spider
  2406 | D        | Received a gift from Trog
  2414 | D        | HP: 6/122 [poisoned by a wolf spider]
  2816 | D        | Noticed a red draconian
  2824 | D        | Killed a red draconian
  2930 | D        | Noticed a phantasmal warrior
  2930 | D        | Noticed a phantasmal warrior
  2934 | D        | Killed a phantasmal warrior
  2937 | D        | Killed a phantasmal warrior
  3170 | D        | Noticed an electric golem
  3174 | D        | Killed an electric golem
  3175 | D        | Reached XP level 12. HP: 133/133 MP: 11/11
  3289 | D        | Found the +4 moon troll leather armour {Spirit, Regen++
                  | MP+5}
  3289 | D        | Noticed a vampire knight
  3289 | D        | Noticed an apis
  3289 | D        | Noticed a mummy priest
  3289 | D        | Noticed a spriggan defender
  3289 | D        | Noticed an anaconda
  3295 | D        | Killed a vampire knight
  3295 | D        | Identified the +8 executioner's axe of Qerri {flame, rCorr}
                  | (Trog gifted it to you in the Dungeon)
  3295 | D        | Received a gift from Trog
  3300 | D        | Killed a spriggan defender
  3301 | D        | Killed an anaconda
  3304 | D        | Killed a mummy priest
  3304 | D        | Received a gift from Trog
  3305 | D        | Reached skill level 15 in Armour
  3307 | D        | Killed an apis
  3522 | D        | Noticed a boulder beetle
  3534 | D        | Noticed a boulder beetle
  3534 | D        | Received a gift from Trog
  3538 | D        | Killed a boulder beetle
  3540 | D        | Killed a boulder beetle
  3543 | D        | Reached skill level 10 in Dodging
  3545 | D        | Noticed a balrug
  3553 | D        | Killed a balrug
  3553 | D        | Received a gift from Trog
  3558 | D        | Noticed a death knight
  3560 | D        | Killed a death knight
  3561 | D        | Reached skill level 1 in Evocations
  3567 | D        | Reached XP level 13. HP: 102/146 MP: 4/12
  3578 | D        | Noticed a nagaraja
  3579 | D        | Noticed a death cob
  3583 | D        | Killed a nagaraja
  3583 | D        | Received a gift from Trog
  3591 | D        | Killed a death cob
  3592 | D        | Reached skill level 27 in Axes
  3604 | D        | Received a gift from Trog
  3615 | D        | Received a gift from Trog
  3936 | D        | Noticed a vampire knight
  3938 | D        | Noticed an orc warlord
  3938 | D        | Noticed an orc warlord
  3943 | D        | Received a gift from Trog
  3943 | D        | Killed a vampire knight
  3945 | D        | Noticed a deep elf blademaster
  3946 | D        | Noticed a deep elf blademaster
  3948 | D        | Noticed a war gargoyle
  3950 | D        | Received a gift from Trog
  3952 | D        | Killed an orc warlord
  3954 | D        | Killed an orc warlord
  3956 | D        | Received a gift from Trog
  3957 | D        | Killed a deep elf blademaster
  3959 | D        | Killed a war gargoyle
  3962 | D        | Received a gift from Trog
  3963 | D        | Killed a deep elf blademaster
  3966 | D        | Reached skill level 10 in Stealth
  3973 | D        | Received a gift from Trog
  3978 | D        | Reached XP level 14. HP: 152/166 MP: 9/13
  3985 | D        | Received a gift from Trog
  4110 | D        | Got the +11 gold dragon scales "Tilaqod" {rElec rPois rF+
                  | rC+ Dex+2}
  4188 | D        | Found the +7 mace of Variability {chain chaos}
  4376 | D        | Noticed a Brimstone Fiend
  4382 | D        | Killed a Brimstone Fiend
  4383 | D        | Reached skill level 27 in Fighting
  4409 | D        | Noticed a deep elf master archer
  4413 | D        | Killed a deep elf master archer
  4433 | D        | Noticed a curse toe
  4439 | D        | Killed a curse toe
  4682 | D        | Noticed a deep elf sorcerer
  4683 | D        | Killed a deep elf sorcerer
  4690 | D        | Received a gift from Trog
  4699 | D        | Reached skill level 15 in Stealth
  4700 | D        | Identified the +4 battleaxe of the Final Teeth {vorpal,
                  | rF++ Dex+7} (Trog gifted it to you in the Dungeon)
  4700 | D        | Received a gift from Trog
  4713 | D        | Received a gift from Trog
  4764 | D        | Noticed Weorch the pandemonium lord
  4768 | D        | Killed Weorch the pandemonium lord
  4871 | D        | Noticed a titan
  4875 | D        | Killed a titan
  4888 | D        | Noticed a royal mummy
  4895 | D        | Killed a royal mummy
  5109 | D        | Received a gift from Trog
  5114 | D        | Noticed an Ice Fiend
  5118 | D        | Killed an Ice Fiend
  5315 | D        | Noticed a shadow dragon
  5322 | D        | Killed a shadow dragon
  5429 | D        | Noticed a titan
  5434 | D        | Killed a titan
  5516 | D        | Noticed a curse toe
  5521 | D        | Killed a curse toe
  5529 | D        | Killed a ghost moth
  5529 | D        | Received a gift from Trog
  5538 | D        | Noticed a deep elf master archer
  5545 | D        | Killed a deep elf master archer
  5547 | D        | Noticed Adei the pandemonium lord
  5554 | D        | Killed Adei the pandemonium lord
  5555 | D        | Reached XP level 15. HP: 174/174 MP: 14/14
  5595 | D        | Noticed a shadow dragon
  5603 | D        | Killed a shadow dragon
  5629 | D        | Noticed a royal mummy
  5634 | D        | Killed a royal mummy
  5634 | D        | Received a gift from Trog
  5652 | D        | Noticed a fire giant
  5656 | D        | Killed a fire giant
  5662 | D        | Noticed a curse toe
  5666 | D        | Killed a curse toe
  5740 | D        | Noticed a red draconian scorcher
  5746 | D        | Killed a red draconian scorcher
  5750 | D        | Noticed a titan
  5754 | D        | Killed a titan
  5758 | D        | Noticed a titan
  5763 | D        | Killed a titan
  5763 | D        | Received a gift from Trog
  5763 | D        | Found the +8 frozen axe "Frostbite" {freezing cloud, *Noise
                  | Fly rC+}
  5769 | D        | Noticed Neutuas the pandemonium lord
  5778 | D        | Killed Neutuas the pandemonium lord
  5836 | D        | Noticed an electric golem
  5846 | D        | Killed an electric golem
  5866 | D        | Noticed a titan
  5872 | D        | Killed a titan
  5872 | D        | Received a gift from Trog
  5877 | D        | Noticed a Tzitzimitl
  5884 | D        | Killed a Tzitzimitl
  5982 | D        | Noticed a rockslime
  5985 | D        | Killed a rockslime
  5988 | D        | Noticed a tentacled monstrosity
  5992 | D        | Killed a tentacled monstrosity
  5999 | D        | Noticed a royal mummy
  6006 | D        | Killed a royal mummy
  6006 | D        | Received a gift from Trog
  6098 | D        | Noticed Nuptuo the pandemonium lord
  6111 | D        | Killed Nuptuo the pandemonium lord
  6155 | D        | Noticed Boris
  6160 | D        | Killed Boris
  6232 | D        | Noticed the Royal Jelly
  6234 | D        | Noticed an acid blob
  6234 | D        | Noticed an azure jelly
  6234 | D        | Noticed an acid blob
  6234 | D        | Noticed a rockslime
  6234 | D        | Noticed an azure jelly
  6234 | D        | Noticed a rockslime
  6238 | D        | Killed the Royal Jelly
  6238 | D        | Noticed an azure jelly
  6240 | D        | Noticed an azure jelly
  6241 | D        | Killed an azure jelly
  6246 | D        | Killed a rockslime
  6247 | D        | Killed a rockslime
  6250 | D        | Killed an acid blob
  6254 | D        | Killed an azure jelly
  6255 | D        | Killed an azure jelly
  6257 | D        | Killed an azure jelly
  6264 | D        | Killed an acid blob
  6415 | D        | Noticed a storm dragon
  6420 | D        | Killed a storm dragon
  6420 | D        | Received a gift from Trog
  6421 | D        | Reached skill level 15 in Dodging
  6421 | D        | Reached XP level 16. HP: 175/183 MP: 15/15
  6453 | D        | Noticed a lich
  6458 | D        | Killed a lich
  6542 | D        | Received a gift from Trog
  6543 | D        | Reached skill level 27 in Armour
  6554 | D        | Noticed an Ice Fiend
  6557 | D        | Killed an Ice Fiend
  6643 | D        | Noticed an electric golem
  6644 | D        | Killed an electric golem
  6650 | D        | Noticed an ancient lich
  6654 | D        | Killed an ancient lich
  6738 | D        | Noticed an electric golem
  6745 | D        | Killed an electric golem
  6824 | D        | Noticed a pearl dragon
  6824 | D        | Noticed a tentacled monstrosity
  6827 | D        | Killed a tentacled monstrosity
  6831 | D        | Killed a pearl dragon
  6860 | D        | Noticed an electric golem
  6861 | D        | Killed an electric golem
  6863 | D        | Noticed a titan
  6865 | D        | Killed a titan
  6865 | D        | Identified the +9 battleaxe of Yseass {vorpal, rC+} (Trog
                  | gifted it to you in the Dungeon)
  6865 | D        | Received a gift from Trog
  6869 | D        | Noticed an Ice Fiend
  6873 | D        | Killed an Ice Fiend
  6897 | D        | Found the +12 glaive of Prune {vorpal}
  6900 | D        | Got the ring "Vuragg" {rElec rC+ Int+2 Dex-4}
  6904 | D        | Got the ring "Igrabbivyag" {rElec rCorr}
  6922 | D        | Got the amulet of Bapneyr {Faith Regen+}
  6924 | D        | Got the ring of Wytt {rPois rCorr}
  6926 | D        | Got the ring "Qaleudd" {Will+ Str+4 Int+4}
  6929 | D        | Got an iron rune of Zot
  6933 | D        | Got the amulet of Doecs {Acrobat +Blink rN+ Regen+ MP-9}
  6935 | D        | Got the amulet "Voeneahi" {Acrobat Regen+ Dex+4}
  7012 | D        | Reached skill level 27 in Stealth
  7191 | D        | Noticed a sphinx
  7197 | D        | Identified the +6 battleaxe of Pyromania {vorpal, rN+
                  | rCorr} (Trog gifted it to you in the Dungeon)
  7197 | D        | Received a gift from Trog
  7213 | D        | Noticed a lich
  7214 | D        | Noticed an ancient lich
  7214 | D        | Noticed a sphinx
  7219 | D        | Killed a sphinx
  7221 | D        | Noticed a sphinx
  7228 | D        | Killed an ancient lich
  7228 | D        | Received a gift from Trog
  7229 | D        | Killed a sphinx
  7230 | D        | Killed a sphinx
  7234 | D        | HP: 7/183 [disintegration (41)]
  7240 | D        | Killed a lich
  7243 | D        | Received a gift from Trog
  7266 | D        | Received a gift from Trog
  7407 | D        | Received a gift from Trog
  7488 | D        | Got the ring "Guecyec" {Contam rF+ Will+ Int+3 Dex+3}
  7490 | D        | Got the ring of Wiuxtem {Fire rCorr}
  7492 | D        | Got the ring of Miec {Int+6 Dex+3}
  7494 | D        | Got the ring of Denup {rElec rPois rF++ Will- Str+6}
  7496 | D        | Got the ring "Haufre" {rF+ rCorr Int+6}
  7498 | D        | Got the ring of Usumyesy {*Slow rC+ rCorr Str+2 Slay+4}
  7500 | D        | Got the ring "Nebaman" {Drain rElec rCorr Str+4 SInv}
  7502 | D        | Got the ring "Awitoig" {AC+6 Int+6}
  7505 | D        | Got the ring of Cheibriados's Approval {*Corrode rElec
                  | Str+3 Int+5 Dex+6}
  7507 | D        | Got the ring of the Establishment {rElec rF+ rN+ Slay-3}
  7509 | D        | Got the ring "Boenap" {rElec rPois rF++}
  7511 | D        | Got the ring "Xetti" {Fire Int+5}
  7513 | D        | Got the ring of Faentod {rF+ Will+ Int+4}
  7543 | D        | Got the amulet "Ezimpag" {Faith rPois rN+ SInv}
  7545 | D        | Got the amulet of the Healing Madman {Fragile rF+ Regen+
                  | Str+3}
  7547 | D        | Got the ring "Ecsurghith" {Fire +Blink Dex+6}
  7549 | D        | Got the amulet of Megalomania {Reflect Int+3 SH+5}
  7551 | D        | Got the amulet "Caeckum" {Reflect rElec rPois Str-3 Int-2
                  | SH+5}
  7553 | D        | Got the ring "Dehyrch" {rCorr AC+4 Str-3 Dex+5}
  7555 | D        | Got the ring "Yrapirch" {rC+ rN+}
  7557 | D        | Got the amulet of Gin and Tonic {Faith Int+6}
  7559 | D        | Got the amulet "Cemets" {Faith Rampage rC+ Str+3}
  7562 | D        | Got the amulet of Fallacy {rElec rC+ Regen+}
  7565 | D        | Got the amulet of the Pure Kissing Lives {Spirit Int+3
                  | Stlth+}
  7567 | D        | Got the amulet of Attitude {Faith rC+ Str+5}
  7569 | D        | Got the amulet "Texku" {RegenMP +Blink Str+3}
  7777 | D        | Noticed a deep elf master archer
  7783 | D        | Killed a deep elf master archer
  7784 | D        | Reached skill level 5 in Evocations
  7803 | D        | Noticed a hellephant
  7809 | D        | Received a gift from Trog
  7811 | D        | Killed a hellephant
  7824 | D        | Received a gift from Trog
  8180 | D        | Noticed Frederick
  8181 | D        | Noticed a Killer Klown
  8186 | D        | Killed Frederick
  8190 | D        | Reached XP level 17. HP: 191/191 MP: 0/16
  8190 | D        | Received a gift from Trog
  8194 | D        | Killed a Killer Klown
  8319 | D        | Found the +7 sceptre of Asmodeus
  8319 | D        | Noticed Asmodeus
  8319 | D        | Noticed a curse toe
  8319 | D        | Noticed a royal mummy
  8324 | D        | Noticed a Killer Klown
  8327 | D        | Killed a curse toe
  8331 | D        | Received a gift from Trog
  8337 | D        | Killed a Killer Klown
  8338 | D        | Reached skill level 27 in Dodging
  8355 | D        | Killed Asmodeus
  8356 | D        | Reached skill level 10 in Evocations
  8356 | D        | HP: 8/191 [reaper/+3 vorpal scythe (12)]
  8358 | D        | Killed a royal mummy
  8729 | D        | Received a gift from Trog
  8737 | D        | Reached skill level 15 in Shields
  8783 | D        | Noticed a deep elf blademaster
  8785 | D        | Noticed Mennas
  8785 | D        | Noticed a titan
  8785 | D        | Noticed a golden dragon
  8785 | D        | Noticed a profane servitor
  8786 | D        | Paralysed by an air elemental for 1 turns
  8788 | D        | Noticed a deep elf master archer
  8788 | D        | Noticed a royal mummy
  8790 | D        | Killed a deep elf blademaster
  8792 | D        | Killed a golden dragon
  8792 | D        | Noticed a deep elf blademaster
  8795 | D        | Killed Mennas
  8795 | D        | Killed from afar by a titan

Illustrated notes

Levels and vault maps discovered:
D:        pitsprint [storerooms_1, entrance_room_1, metal_vault_5, armoury_1,
          mini_pit_1, grid_room_1, main_hall_1, silver_pit, the_coven_3,
          the_vestibule_1, steel_vault_1, golden_pit, hallway_of_sentries,
          crystal_vault_4, iron_vault_3, final_vault]

Skill      XL: |  1  2  3  4  5  6  7  8  9 10 11 12 13 14 15 16 17 |
---------------+----------------------------------------------------+-----
Fighting       | 4 7 9 10 11 12 14 16 17 20 22 26 27 | 27.0
Axes           | 4 7 9 10 11 13 15 18 20 24 26 27 | 27.0
Armour         | 4 5 7 8 10 12 14 16 17 20 26 27 | 27.0
Dodging        | 4 5 6 7 8 9 10 13 14 15 25 27 | 27.0
Stealth        | 1 2 3 4 5 10 20 24 27 | 27.0
Evocations     | 1 7 11 | 11.8
Shields        | 16 | 16.3

Action                   |  1- 3 |  4- 6 |  7- 9 | 10-12 | 13-15 | 16-18 || total
-------------------------+-------+-------+-------+-------+-------+-------++-------
Melee: Hand axe          |     4 |    24 |    34 |       |       |       ||    62
       Headbutt          |     1 |     2 |     6 |    28 |    86 |    34 ||   157
       Broad axe         |       |       |    39 |       |       |       ||    39
       Executioner's axe |       |       |       |   111 |   310 |   157 ||   578
Invok: Berserk           |       |     2 |     3 |     4 |    13 |     7 ||    29
       Brothers in Arms  |       |       |     1 |     2 |       |     7 ||    10
Evoke: Box of beasts     |       |       |       |     1 |       |     1 ||     2
       Wand              |       |       |       |       |       |     1 ||     1
  Use: Potion            |       |       |       |     3 |     2 |    13 ||    18
       Scroll            |       |       |       |     1 |       |     4 ||     5
 Stab: Sleeping          |       |     1 |       |       |       |     5 ||     6
       Invisible         |       |       |       |       |    16 |       ||    16
       Distracted        |       |       |       |       |     1 |       ||     1
       Paralysed         |       |       |       |       |       |     1 ||     1
Armor: Animal skin       |     1 |       |       |       |       |       ||     1
       Chain mail        |       |     4 |    24 |    30 |       |       ||    58
       Troll leather arm |       |       |       |     7 |    17 |       ||    24
       Gold dragon scale |       |       |       |       |   109 |   103 ||   212
Dodge: Dodged            |     3 |    11 |    38 |    85 |   135 |    81 ||   353
Block: Other             |       |       |       |       |       |    15 ||    15
       Reflection        |       |       |       |       |       |     1 ||     1

Table legend: (Time is in decaauts)
 A = Elapsed time spent in this place.
 B = Non-inter-level travel time spent in this place.
 C = Inter-level travel time spent in this place.
 D = Time resting spent in this place.
 E = Time spent auto-exploring this place.
 F = Levels seen in this place.
 G = Mean time per level.
                   A        B        C        D        E       F      G
               +--------+--------+--------+--------+--------+-----+--------+
         Total |   8908 |   8861 |     47 |   5780 |     29 |   1 | 8908.0 |
       Dungeon |   8908 |   8861 |     47 |   5780 |     29 |   1 | 8908.0 |
               +--------+--------+--------+--------+--------+-----+--------+

Top non-repeatable levels by time:
       D: 8908 daAuts
